 Dungeon Crawl Stone Soup version 0.25.1-1-g288607f5aa (webtiles) character file.

Game seed: 9670152492733961558

181 DerDa the Grave Robber (level 5, -4/35 HPs)
             Began as a Mummy Necromancer on July 26, 2020.
             Killed from afar by Sigmund (8 damage)
             ... with a magic dart
             ... on level 2 of the Dungeon.
             The game lasted 00:07:24 (2467 turns).

DerDa the Grave Robber (Mummy Necromancer)          Turns: 2467, Time: 00:07:25

Health: -4/35      AC:  4    Str: 11    XL:     5   Next: 34%
Magic:  3/12       EV: 12    Int: 15    God:
Gold:   119        SH:  0    Dex: 13    Spells: 9/14 levels left

rFire    x . .     SeeInvis .   i - -2 spear (curse)
rCold    + . .     Gourm    .   (no shield)
rNeg     + + +     Faith    .   a - +0 robe
rPois    ∞         Spirit   .   k - +0 helmet
rElec    .         Reflect  .   (no cloak)
rCorr    .         Harm     .   (no gloves)
MR       .....                  c - +0 pair of boots
Stlth    ++........             (no amulet)
HPRegen  0.11/turn              (no ring)
MPRegen  0.13/turn              (no ring)

@: no status effects
A: no food or potions, fire vulnerability, cold resistance 1, negative energy
resistance 3, torment resistance, unbreathing
a: no special abilities


You were on level 2 of the Dungeon.
You were not hungry.

You visited 1 branch of the dungeon, and saw 3 of its levels.

You collected 119 gold pieces.

Inventory:

Hand Weapons
 d - a +0 spear
 i - a cursed -2 spear (weapon)
Missiles
 b - 104 stones (quivered)
 g - 23 sling bullets
Armour
 a - a +0 robe (worn)
 c - a +0 pair of boots (worn)
 k - a +0 helmet (worn)
Scrolls
 e - a scroll of immolation {unknown}
 f - 2 scrolls of remove curse {unknown}
 h - a scroll of magic mapping {unknown}
 j - a scroll of identify {unknown}


   Skills:
 - Level 1.5 Dodging
 - Level 1.5 Stealth
 * Level 5.2 Spellcasting
 * Level 5.5 Necromancy


You had 9 spell levels left.
You knew the following spells:

 Your Spells              Type           Power        Failure   Level  Hunger
a - Pain                  Necr           ###.         1%          1    N/A
b - Animate Skeleton      Necr           N/A          1%          1    N/A
c - Vampiric Draining     Necr           ###.......   4%          3    N/A

Your spell library contained the following spells:

 Spells                   Type           Power        Failure   Level  Hunger
 Animate Dead             Necr           N/A          17%         4    N/A
 Agony                    Necr           ###.....     43%         5    N/A

Dungeon Overview and Level Annotations

Branches:
Dungeon (3/15)

Altars:

Annotations:
D:2 Sigmund


Innate Abilities, Weirdness & Mutations

You do not eat or drink.
Your flesh is vulnerable to fire.
You are immune to poison.
Your flesh is cold resistant. (rC+)
You are immune to negative energy. (rN+++)
You are immune to unholy pain and torment.
You can survive without breathing.


Message History

Your magical contamination has completely faded away.
You hear some strange, mumbled words.
Something tries to affect you, but you resist.
A magic dart appears from out of thin air!
The magic dart hits you.
* * * LOW HITPOINT WARNING * * *
Casting: Pain (safe; 1% risk of failure)
Confirm with . or Enter, or press ? or * to list all spells.
Aiming: Pain (safe; 1% risk of failure)
Press: ? - help, Shift-Dir - straight line, f - Sigmund
Aim: Sigmund, wielding a +0 scythe and wearing a +0 robe (almost dead, chance to defeat MR: 85%) Sigmund writhes in agony.
Sigmund mumbles some strange words.
Sigmund flickers and vanishes!
A puff of flame appears from out of thin air!
The puff of flame hits you.
* * * LOW HITPOINT WARNING * * *
A magic dart appears from out of thin air!
The magic dart hits you!
You die...

#Z##.##.#.#>......#
#.##....#.#.#####.#
#.##{#.........##.##
#.##.##.#.#.##......
#.........#.#####.#@
###.......#.#####.#.
#..####.#.......##
#....#.......#####
#@##.#............
#.#..........####.
#............####.
##>%..........#....
#................#.
#................#.
#.#.........Z.....%
#.##...#.........#.
#.##...............


There were no monsters in sight!

Vanquished Creatures
  An ice beast (D:2)
  Jessica (D:2)
  3 adders (D:2)
  2 dart slugs
  3 leopard geckos
  A ball python (D:1)
  A giant cockroach (D:1)
  7 hobgoblins
  3 jackals (D:1)
  4 kobolds
  3 bats (D:2)
  2 frilled lizards (D:2)
  A goblin (D:1)
  6 rats
38 creatures vanquished.

Notes
Turn   | Place    | Note
-------+----------+-------------------------------------------
     0 | D:1      | DerDa the Mummy Necromancer began the quest for the Orb.
     0 | D:1      | Reached XP level 1. HP: 13/13 MP: 4/4
   332 | D:1      | Reached XP level 2. HP: 19/19 MP: 4/6
   409 | D:1      | Learned a level 1 spell: Animate Skeleton
  1449 | D:2      | Reached XP level 3. HP: 24/24 MP: 6/8
  1454 | D:2      | Learned a level 3 spell: Vampiric Draining
  1461 | D:2      | Noticed Jessica
  1468 | D:2      | Killed Jessica
  1535 | D:2      | Noticed an ice beast
  1691 | D:2      | Noticed Sigmund
  1706 | D:2      | Reached XP level 4. HP: 30/30 MP: 7/10
  2196 | D:2      | Reached skill level 5 in Necromancy
  2241 | D:2      | Killed an ice beast
  2241 | D:2      | Reached skill level 5 in Spellcasting
  2241 | D:2      | Reached XP level 5. HP: 31/35 MP: 1/12
  2467 | D:2      | Killed from afar by Sigmund

Illustrated notes

Levels and vault maps discovered:
D:1:      minmay_arrival_shattered_statue, layout_basic
D:2:      layout_loops_cross, uniq_jessica, uniq_sigmund
D:3:      layout_rooms, elyvilon_altar_5, chequers_ecumenical_altar_twisty

Skill      XL: |  1  2  3  4 |
---------------+-------------+-----
Spellcasting   | 3 4 5 |  5.2
Necromancy     | 5 |  5.5
Dodging        | |  1.5
Stealth        | |  1.5

Action                   |  1- 3 |  4- 6 || total
-------------------------+-------+-------++-------
Melee: Unarmed           |    11 |       ||    11
       Spear             |     1 |       ||     1
 Cast: Pain              |    57 |    41 ||    98
       Animate Skeleton  |     4 |     5 ||     9
       Vampiric Draining |       |     1 ||     1
Armor: Robe              |     9 |    16 ||    25
Dodge: Dodged            |    17 |    30 ||    47
